Map: [TLMC14] Ecostation

Players

Frost - Winner!

  • Race: Terran Terran
  • Spawn Location: 11:00

A.I. 1 (Elite)

  • Race: Zerg Zerg
  • Spawn Location: 5:00

VOD

Have the link to the VOD?

Description

Time

  • Played on: Feb. 29, 2020, 12:33 p.m.
  • Length: 11:55
Show
View Real Time Build Order
Export as new Build Order

Frost Terran - Winner!

Build Orders: Hellion Opening 

Get SALT Encoding   

  12  0:01  SCV  
  13  0:13  SCV  
  14  0:17  Supply Depot  
  14  0:25  SCV  
  14  0:27  Refinery  
  15  0:38  SCV  
  16  0:46  Barracks  
  16  0:51  SCV  
  17  1:03  SCV  
  18  1:15  SCV  
  19  1:27  SCV  
  20  1:35  Reaper  
  20  1:39  Orbital Command  
  21  1:47  Command Center  
  21  2:04  Factory  
  21  2:05  SCV  
  22  2:13  Barracks Reactor  
  22  2:17  Supply Depot  
  22  2:18  SCV  
  23  2:39  SCV  
  24  2:51  SCV  
  25  3:01  Command Center  
  25  3:02  Orbital Command  
  25  3:03  SCV  
  25  3:05  Hellion  
  28  3:06  Hellion  
  30  3:15  Barracks Tech Lab, SCV  
  31  3:26  Supply Depot  
  31  3:27  Hellion, SCV  
  31  3:28  Hellion  
  37  3:34  SCV  
  37  3:36  Stimpack  
  37  3:38  Marine  
  37  3:39  SCV  
  39  3:46  SCV  
  40  3:51  SCV  
  41  3:57  Hellion x2  
  41  3:58  SCV  
  41  3:59  Marine  
  47  4:03  SCV  
  48  4:10  Engineering Bay, SCV  
  48  4:12  Engineering Bay  
  48  4:15  SCV  
  48  4:16  Orbital Command  
  50  4:22  SCV  
  51  4:28  SCV  
  51  4:30  Barracks  
  52  4:34  SCV  
  52  4:36  Terran Infantry Weapons Level 1  
  52  4:37  Factory Reactor  
  53  4:38  Barracks  
  53  4:39  Terran Infantry Armor Level 1  
  53  4:40  SCV  
  53  4:41  Refinery, SCV  
  55  4:47  SCV  
  55  4:50  Supply Depot  
  55  4:52  SCV  
  57  4:57  SCV  
  57  4:58  Refinery  
  58  5:00  Barracks x2  
  58  5:03  SCV  
  58  5:04  SCV  
  60  5:07  Refinery  
  60  5:09  SCV  
  60  5:13  Supply Depot  
  61  5:15  Marine, SCV  
  61  5:16  SCV  
  64  5:22  SCV  
  64  5:23  Starport  
  64  5:26  Factory Reactor  
  64  5:27  SCV  
  64  5:28  SCV  
  67  5:33  Marine  
  67  5:35  SCV  
  69  5:37  Barracks  
  69  5:39  Combat Shield, Marine x2  
  69  5:40  Supply Depot  
  71  5:43  Marine x2  
  71  5:48  SCV x2  
  75  5:51  Supply Depot, Marine  
  75  5:52  Barracks Reactor x2  
  75  5:56  Barracks  
  76  5:57  Marine  
  76  5:58  Barracks  
  77  6:04  Marine x2  
  77  6:05  Marine  
  77  6:09  Marine  
  81  6:15  Marine  
  81  6:16  Armory  
  81  6:17  Medivac x2  
  86  6:22  Marine x3, SCV  
  86  6:23  Supply Depot  
  90  6:27  Marine  
  91  6:32  Marine  
  91  6:34  Barracks Reactor  
  91  6:38  Orbital Command  
  92  6:47  Barracks Tech Lab  
  92  6:48  Barracks Tech Lab  
  92  6:52  Refinery  
  92  6:56  Refinery  
  92  7:05  Supply Depot  
  92  7:06  Terran Infantry Weapons Level 2, Terran Infantry Armor Level 2  
  92  7:07  Marine x5  
  92  7:08  Supply Depot, Marine x6  
  101  7:09  Supply Depot  
  101  7:11  Factory Tech Lab  
  101  7:15  SCV x2  
  105  7:23  Terran Vehicle Weapons Level 1  
  105  7:24  Concussive Shells  
  105  7:25  Marine  
  105  7:27  Marauder, Marine  
  105  7:28  Marauder x2, Marine  
  114  7:34  SCV x2  
  116  7:37  SCV  
  116  7:41  Supply Depot  
  116  7:43  Supply Depot  
  117  7:47  Marine x7  
  117  7:48  Medivac, Marine  
  117  7:49  Marauder x2, Medivac  
  133  8:03  Marauder, SCV x3, Siege Tank  
  141  8:07  Supply Depot x2  
  141  8:08  Supply Depot  
  141  8:09  Supply Depot  
  141  8:10  Supply Depot  
  141  8:11  Supply Depot  
  141  8:18  Supply Depot  
  141  8:20  Marine  
  141  8:21  Marauder x2, Marine x3  
  149  8:28  Medivac, Marine x3  
  149  8:29  Marauder, Medivac  
  158  8:36  Marine x2  
  158  8:37  Siege Tank  
  163  8:43  Marauder x2, Supply Depot  
  167  8:50  Marauder  
  167  8:53  Marine x5  
  167  8:54  Marine  
  175  9:04  Marauder x2  
  179  9:12  Marine  
  179  9:13  Marauder, Marine x8  
  174  9:24  Marine  
  174  9:25  Marauder, Medivac x2  
  174  9:26  Marauder  
  174  9:30  Marine  
  170  9:34  Marauder  
  170  9:35  Marine x6  
  178  9:47  Marauder x2  
  182  9:54  Marine  
  182  9:55  Marine x9  
  182  9:56  Marauder  
  182  9:57  Medivac x2  
  198  10:08  Marauder  
  176  10:31  Marauder x3, Marine x5  
  176  10:32  Marine x4  
  176  10:33  Medivac x2  
  188  10:52  Marauder  
  184  11:13  Marauder x2, Marine x6  
  184  11:14  Marauder, Medivac x2  
Show
View Real Time Build Order
Export as new Build Order

A.I. 1 (Elite) Zerg 

Build Orders: Pool First 

Get SALT Encoding   

  12  0:00  Drone  
  13  0:12  Overlord  
  13  0:16  Drone  
  14  0:30  Drone x2  
  14  0:34  Drone  
  17  0:48  Spawning Pool  
  17  0:49  Drone  
  17  1:11  Hatchery  
  16  1:14  Drone  
  17  1:18  Extractor  
  17  1:19  Extractor  
  17  1:22  Drone  
  16  1:26  Drone  
  16  1:30  Drone  
  18  1:38  Drone  
  19  1:49  Overlord  
  19  1:57  Queen  
  21  2:03  Zergling x2  
  22  2:10  Drone  
  23  2:23  Queen  
  23  2:29  Drone  
  26  2:34  Drone  
  27  2:39  Drone  
  27  2:43  Drone  
  29  2:51  Drone  
  29  3:02  Roach Warren  
  29  3:03  Drone  
  29  3:08  Drone  
  29  3:10  Zergling x2  
  30  3:14  Drone  
  30  3:17  Zergling x2  
  32  3:22  Overlord  
  32  3:26  Drone  
  33  3:28  Drone  
  34  3:40  Zergling x2  
  34  3:44  Roach x3  
  34  3:48  Roach  
  42  3:53  Zergling x2  
  42  3:55  Zergling x2  
  42  4:01  Lair  
  42  4:06  Overlord  
  42  4:11  Overlord  
  42  4:14  Zergling x2  
  43  4:24  Zergling x4, Drone x2  
  43  4:27  Drone  
  43  4:28  Drone  
  49  4:32  Drone  
  49  4:36  Overlord  
  50  4:40  Roach  
  50  4:44  Roach  
  54  4:47  Roach  
  54  4:50  Roach  
  58  4:54  Overlord  
  58  5:00  Drone  
  58  5:01  Hydralisk Den  
  58  5:06  Drone  
  59  5:09  Drone  
  59  5:11  Drone  
  59  5:13  Drone  
  62  5:15  Drone  
  62  5:17  Drone  
  62  5:19  Drone  
  65  5:21  Drone  
  65  5:24  Overlord  
  65  5:27  Drone  
  67  5:29  Drone, Hydralisk  
  67  5:32  Hydralisk  
  72  5:36  Drone x2  
  72  5:38  Drone  
  72  5:39  Drone  
  76  5:43  Drone  
  76  5:48  Overlord  
  77  5:52  Infestation Pit  
  77  5:53  Roach  
  77  5:55  Drone  
  79  5:58  Roach  
  81  6:05  Metabolic Boost  
  81  6:08  Overlord  
  81  6:09  Evolution Chamber  
  81  6:10  Drone  
  80  6:21  Evolution Chamber  
  80  6:23  Drone  
  80  6:25  Ravager, Hatchery  
  80  6:30  Infestor  
  80  6:32  Drone  
  83  6:34  Zerg Missile Weapons Level 1, Roach  
  83  6:37  Infestor  
  87  6:41  Drone, Evolution Chamber  
  87  6:46  Zerg Ground Armor Level 1  
  87  6:50  Extractor  
  87  6:51  Drone, Ravager  
  87  6:53  Drone, Extractor  
  88  6:56  Overlord, Roach  
  90  7:05  Baneling Nest  
  90  7:06  Zerg Melee Weapons Level 1  
  89  7:12  Drone x2  
  89  7:13  Drone  
  92  7:16  Drone x3  
  92  7:22  Hydralisk  
  95  7:23  Overlord  
  95  7:27  Hydralisk  
  99  7:32  Overseer  
  99  7:37  Spine Crawler  
  97  7:38  Drone x3  
  97  7:39  Drone x5  
  97  7:40  Drone  
  97  7:42  Overlord  
  97  7:43  Drone, Infestor  
  109  7:46  Extractor  
  109  7:47  Drone  
  109  7:48  Drone  
  109  7:50  Drone, Baneling  
  109  7:51  Drone, Baneling  
  112  7:52  Drone  
  112  7:54  Drone  
  112  7:56  Baneling  
  112  7:57  Baneling x2  
  112  7:58  Drone, Baneling  
  115  7:59  Drone  
  115  8:01  Baneling  
  115  8:02  Overlord  
  115  8:04  Baneling  
  116  8:05  Baneling  
  116  8:06  Baneling  
  116  8:09  Zergling x4  
  118  8:13  Drone  
  118  8:15  Drone x2  
  118  8:16  Drone  
  118  8:18  Centrifical Hooks  
  118  8:19  Drone  
  123  8:21  Drone x2, Overlord  
  123  8:23  Drone  
  125  8:27  Drone  
  125  8:28  Baneling x2  
  125  8:30  Zergling x2  
  125  8:32  Zergling x2, Baneling x2  
  128  8:38  Infestor  
  128  8:40  Overlord  
  130  8:41  Extractor  
  130  8:42  Roach  
  130  8:46  Roach  
  130  8:47  Roach  
  135  8:50  Zergling x2, Baneling x2  
  136  8:59  Overlord  
  136  9:01  Zerg Missile Weapons Level 2  
  136  9:09  Spine Crawler  
  135  9:10  Zergling x2, Baneling x2  
  135  9:12  Queen  
  135  9:14  Zergling x10  
  135  9:15  Zergling x4  
  135  9:16  Zergling x2  
  144  9:19  Zergling x2  
  126  9:25  Roach  
  126  9:27  Roach  
  126  9:28  Hydralisk  
  105  9:31  Hydralisk  
  105  9:33  Zergling x2, Baneling x2, Roach  
  105  9:34  Zergling x2, Baneling  
  105  9:36  Zergling x2, Baneling x2  
  105  9:38  Roach  
  114  9:39  Ravager, Roach  
  114  9:41  Roach  
  114  9:42  Overseer  
  119  9:47  Roach  
  119  9:50  Roach  
  119  9:52  Infestor  
  123  9:54  Baneling  
  123  9:56  Zergling x2, Baneling  
  123  9:57  Spore Crawler, Baneling  
  123  9:59  Zergling x2, Baneling  
  126  10:01  Baneling  
  126  10:02  Zergling x2, Baneling  
  126  10:03  Baneling  
  126  10:05  Spore Crawler  
  126  10:06  Zergling x2, Baneling  
  127  10:07  Baneling  
  127  10:08  Zergling x2  
  127  10:09  Baneling  
  127  10:10  Baneling, Spine Crawler  
  127  10:12  Spine Crawler  
  126  10:17  Hydralisk  
  126  10:19  Zergling x2, Baneling  
  126  10:21  Zergling x2, Baneling  
  124  10:23  Zergling x6  
  124  10:24  Zergling x2  
  124  10:25  Hydralisk  
  124  10:26  Zergling x2  
  124  10:28  Zergling x4  
  116  10:29  Roach  
  116  10:30  Roach  
  116  10:31  Zergling x2  
  116  10:35  Roach  
  98  10:36  Roach  
  98  10:38  Roach  
  98  10:41  Queen, Overseer  
  98  10:46  Roach  
  98  10:47  Zergling x4, Hydralisk  
  98  10:48  Zergling x2  
  98  10:49  Zergling x2  
  93  10:50  Zergling x4  
  93  10:51  Zergling x2  
  93  10:56  Infestor  
  96  10:59  Roach  
  96  11:00  Zergling x2, Roach  
  96  11:01  Zergling x4, Overseer  
  96  11:02  Spore Crawler  
  92  11:09  Roach  
  92  11:10  Roach  
  92  11:11  Roach  
  81  11:15  Spore Crawler  
  81  11:16  Drone, Hydralisk  
  81  11:17  Infestation Pit  
  79  11:19  Roach Warren  
  26  11:44  Hatchery  
Tags
 
Add a new tag
Caveats
  • Supply blocks, unpowered buildings, or Contaminate may cause inaccurate times.
  • Supply counts are checked every 10 seconds.